 Dungeon Crawl Stone Soup version 0.31.0-11-ge490571c62 (webtiles) character file.

Game seed: 3281591825489812447

533 qw the Skirmisher (level 7, -1/40 HPs)
             Began as a Deep Elf Hunter on Feb 5, 2024.
             Slain by Duvessa
             ... wielding a +0 short sword
              (8 damage)
             ... on level 4 of the Dungeon.
             The game lasted 00:02:08 (3580 turns).

qw the Skirmisher (Deep Elf Hunter)                 Turns: 3580, Time: 00:02:09

Health: -1/40      AC: 10    Str: 10    XL:     7   Next: 4%
Magic:  9/9        EV: 11    Int: 14    God:
Gold:   48         SH:  0    Dex: 18    Spells: 6/6 levels left

rFire   . . .        a - +0 shortbow (flame)
rCold   . . .        (shield currently unavailable)
rNeg    . . .        m - +0 ring mail
rPois   .            (no helmet)
rElec   .            b - +0 cloak
rCorr   .            e - +2 pair of gloves
SInv    .            p - +0 pair of boots
Will    .....        (no amulet)
Stlth   +            f - +4 ring of slaying {mikee}
HPRegen 0.26/turn    (no ring)
MPRegen 0.11/turn

%: no passive effects
@: no status effects
A: no striking features
a: no special abilities


You were on level 4 of the Dungeon.
You visited 1 branch of the dungeon, and saw 4 of its levels.

You collected 152 gold pieces.
You spent 104 gold pieces at shops.


   Skills:
 - Level 2.3 Fighting
 + Level 10.1 Ranged Weapons
 - Level 1.6 Armour
 - Level 3.0 Dodging
 - Level 1.2 Stealth


You had 6 spell levels left.
You didn't know any spells.
Your spell library was empty.

Inventory:

Hand Weapons
 a - a +0 shortbow of flaming (weapon)
Armour
 b - a +0 cloak (worn)
 e - a +2 pair of gloves (worn)
 m - a +0 ring mail (worn)
 p - a +0 pair of boots (worn)
Jewellery
 f - a +4 ring of slaying (left hand) {mikee}
Wands
 d - a wand of flame (3)
Scrolls
 c - 2 scrolls of identify
 i - a scroll of fear {unknown}
Potions
 g - 2 potions of enlightenment
 k - a potion of resistance

Dungeon Overview and Level Annotations

Branches:
Dungeon (4/15)
 Temple: D:4-7

Altars:
Hepliaklqana
Trog
Vehumet

Shops:
D:3 ?   D:4 (

Annotations:
D:3 1 runed translucent door, Crazy Yiuf
D:4 Duvessa


Message History

You shoot an arrow. The arrow hits Duvessa!
The arrow burns Duvessa.
Duvessa is moderately wounded.
Duvessa hits you with a +0 short sword! x2
You shoot an arrow. The arrow hits Duvessa!
The arrow burns Duvessa.
Duvessa is heavily wounded.
Duvessa hits you with a +0 short sword!
You shoot an arrow. The arrow barely misses Duvessa.
Duvessa hits you but does no damage. Duvessa hits you with a +0 short sword!
You shoot an arrow. The arrow hits Duvessa.
The arrow burns Duvessa.
Duvessa is heavily wounded.
Duvessa hits you with a +0 short sword. Duvessa barely misses you.
3573 ||| DRINKING 2 potions of heal wounds.
You feel much better. Duvessa hits you with a +0 short sword!
You shoot an arrow.
The arrow hits Duvessa but does no damage.
Duvessa is heavily wounded.
Duvessa hits you with a +0 short sword. x2
You shoot an arrow.
The arrow hits Duvessa but does no damage.
Duvessa is heavily wounded.
Duvessa closely misses you.
You shoot an arrow. The arrow hits Duvessa!
The arrow burns Duvessa.
Duvessa is severely wounded.
Duvessa closely misses you. Duvessa hits you with a +0 short sword!
3577 ||| DRINKING potion of heal wounds.
You feel much better. Duvessa hits you with a +0 short sword!
You shoot an arrow.
The arrow hits Duvessa but does no damage.
Duvessa is severely wounded.
Duvessa hits you with a +0 short sword! Duvessa hits you with a +0 short sword.
You shoot an arrow. The arrow hits Duvessa.
The arrow burns Duvessa.
Duvessa is almost dead.
Duvessa hits you with a +0 short sword.
You shoot an arrow.
The arrow hits Duvessa but does no damage.
Duvessa is almost dead.
Duvessa hits you with a +0 short sword!
You die...

#...####.####.#.#
#...# ##.####.#.#
##### #.......#.#
...####.####..#.#
##...##.# #.)#.####
###.....# #..#.#..#
# #..#### #..#.#..#
# #..## #.)#.#..# #
#...# #...e@..# #
#.#.# #.)#.##.#
###.#.### #.##....#
....#...# #.#######
#####...####.# ###
#.....>..######
..###.........>...#
........#########.#
........'.......#)#


You could see Duvessa (berserk).

Vanquished Creatures
  A bullfrog (D:4)
  A scorpion (D:3)
  Dowan (D:4)
  A hound (D:4)
  3 jellies (D:4)
  An orc priest (D:3)
  An orc wizard (D:3)
  4 gnolls (D:4)
  5 adders
  2 dart slugs (D:1)
  2 ribbon worms
  2 orcs (D:3)
  5 bats
  7 endoplasms
  A giant cockroach (D:1)
  6 hobgoblins
  7 jackals (D:1)
  7 quokkas
  15 ball pythons
  8 frilled lizards
  11 goblins
  6 kobolds
  3 rats
100 creatures vanquished.

Notes
Turn   | Place    | Note
-------+----------+-------------------------------------------
     0 | D:1      | qw the Deep Elf Hunter began the quest for the Orb.
     0 | D:1      | Reached XP level 1. HP: 12/12 MP: 3/3
     0 | D:1      | 0 ||| qw: Version: 0.3-a-160-g6735b56
     0 | D:1      | 0 ||| qw: Game counter: 6239
     0 | D:1      | 0 ||| qw: Melee chars always use a shield: true
     0 | D:1      | 0 ||| qw: God list: Okawaru
     0 | D:1      | 0 ||| qw: Allow faded altars: false
     0 | D:1      | 0 ||| qw: Do Orc after clearing Dungeon:15 true
     0 | D:1      | 0 ||| qw: Do second Lair branch before Depths: true
     0 | D:1      | 0 ||| qw: Lair rune preference: random
     0 | D:1      | 0 ||| qw: Goals: Normal
     0 | D:1      | 0 ||| PLANNING D:1-11
    82 | D:1      | Reached skill level 6 in Ranged Weapons
    82 | D:1      | Reached XP level 2. HP: 14/16 MP: 4/4
   406 | D:1      | Reached XP level 3. HP: 20/20 MP: 5/5
   762 | D:1      | Reached skill level 7 in Ranged Weapons
  1029 | D:1      | 1029 ||| UPGRADING to +0 pair of boots.
  1034 | D:1      | 1034 ||| UPGRADING to +4 ring of slaying {mikee}.
  1035 | D:1      | 1035 ||| DROPPING ring of wizardry.
  1036 | D:1      | 1036 ||| READING 2 scrolls labelled TOPHYDW POFUPNUCE.
  1037 | D:1      | 1037 ||| READING scroll labelled DUF PEFUFIFU.
  1138 | D:1      | 1138 ||| READING scroll labelled MUCKOY PUNO.
  1138 | D:1      | 1138 ||| BRANDING +0 shortbow.
  1139 | D:1      | 1139 ||| READING scroll labelled ACOLAI ITEAXEJ.
  1140 | D:1      | 1140 ||| READING scroll labelled XAM VEVINE.
  1141 | D:1      | 1141 ||| READING scroll labelled LAUXEI GALE.
  1141 | D:1      | 1141 ||| IDENTIFYING lumpy silvery potion
  1142 | D:1      | 1142 ||| READING scroll labelled XUAWAY DOHEBYI.
  1146 | D:1      | 1146 ||| DRINKING 2 coppery potions.
  1147 | D:1      | 1147 ||| DROPPING scroll of butterflies.
  1148 | D:1      | 1148 ||| DROPPING scroll of revelation.
  1149 | D:1      | 1149 ||| DROPPING potion of lignification.
  1235 | D:2      | Found a faded altar of an unknown god.
  1250 | D:2      | Found the +18 Lear's hauberk
  1349 | D:2      | Reached XP level 4. HP: 24/25 MP: 6/6
  1568 | D:2      | 1568 ||| UPGRADING to +0 pair of gloves.
  1573 | D:2      | 1573 ||| UPGRADING to +0 scale mail.
  1583 | D:2      | 1583 ||| DROPPING +0 leather armour.
  1584 | D:2      | 1584 ||| UPGRADING to +0 ring mail.
  1594 | D:2      | 1594 ||| DROPPING +0 scale mail.
  1595 | D:2      | 1595 ||| DROPPING +6 ring of intelligence.
  1596 | D:2      | 1596 ||| READING 2 scrolls of identify.
  1596 | D:2      | 1596 ||| IDENTIFYING fuming pink potion
  1597 | D:2      | 1597 ||| READING scroll of identify.
  1597 | D:2      | 1597 ||| IDENTIFYING smoky red potion
  1598 | D:2      | 1598 ||| READING scroll labelled IMUTIUBBUY.
  1599 | D:2      | 1599 ||| READING scroll labelled OTUISA WOJE.
  1626 | D:3      | 1626 ||| STAIRDANCE
  1650 | D:3      | Found a radiant altar of Vehumet.
  1787 | D:3      | 1787 ||| DRINKING 2 yellow potions.
  1788 | D:3      | 1788 ||| DRINKING white potion.
  1794 | D:3      | HP: 6/25 [orc priest/+0 trident (6)]
  1795 | D:3      | 1795 ||| READING scroll of teleportation.
  1796 | D:3      | 1796 ||| DRINKING 3 potions of heal wounds.
  1803 | D:3      | Reached skill level 8 in Ranged Weapons
  1877 | D:3      | Found a hazy altar of Hepliaklqana.
  2198 | D:3      | Found a runed translucent door.
  2199 | D:3      | Noticed Crazy Yiuf
  2276 | D:3      | Reached XP level 5. HP: 29/29 MP: 7/7
  2379 | D:3      | Found a bloodstained altar of Trog.
  2456 | D:3      | Found Mah Ditt's Magic Scroll Shoppe.
  2459 | D:3      | 2459 ||| BUYING scroll of identify (26 gold).
  2459 | D:3      | Bought a scroll of identify for 26 gold pieces
  2459 | D:3      | 2459 ||| BUYING scroll of identify (26 gold).
  2459 | D:3      | Bought a scroll of identify for 26 gold pieces
  2459 | D:3      | 2459 ||| BUYING scroll of identify (26 gold).
  2459 | D:3      | Bought a scroll of identify for 26 gold pieces
  2459 | D:3      | 2459 ||| BUYING scroll of identify (26 gold).
  2459 | D:3      | Bought a scroll of identify for 26 gold pieces
  2459 | D:3      | 2459 ||| SHOPLISTING scroll of identify (26 gold, have 0).
  2459 | D:3      | 2459 ||| SHOPLISTING scroll of teleportation (39 gold, have
                  | 0).
  2657 | D:3      | 2657 ||| UPGRADING to +0 cloak.
  2662 | D:3      | 2662 ||| READING 5 scrolls of identify.
  2662 | D:3      | 2662 ||| IDENTIFYING 2 green potions
  2663 | D:3      | 2663 ||| READING 4 scrolls of identify.
  2663 | D:3      | 2663 ||| IDENTIFYING scroll labelled BAIK HECKIBEDD
  2664 | D:3      | 2664 ||| READING 3 scrolls of identify.
  2664 | D:3      | 2664 ||| IDENTIFYING scroll labelled SARANTYTHO
  2665 | D:3      | 2665 ||| READING scroll of enchant armour.
  2665 | D:3      | 2665 ||| ENCHANTING +0 pair of gloves.
  2666 | D:3      | 2666 ||| DROPPING scroll of blinking.
  2667 | D:3      | 2667 ||| DROPPING 2 potions of brilliance.
  2668 | D:3      | 2668 ||| DROPPING potion of attraction.
  2747 | D:3      | Reached skill level 1 in Armour
  2919 | D:4      | Reached skill level 9 in Ranged Weapons
  2919 | D:4      | Reached XP level 6. HP: 34/34 MP: 8/8
  2999 | D:4      | Found Okhluma's Weapon Emporium.
  3008 | D:4      | 3008 ||| SHOPLISTING +0 arbalest (58 gold, have 13).
  3060 | D:4      | Noticed Dowan
  3070 | D:4      | Killed Dowan
  3139 | D:4      | Reached skill level 10 in Ranged Weapons
  3141 | D:4      | Reached XP level 7. HP: 40/40 MP: 9/9
  3166 | D:4      | 3166 ||| READING scroll of enchant armour.
  3166 | D:4      | 3166 ||| ENCHANTING +1 pair of gloves.
  3191 | D:4      | Reached skill level 3 in Dodging
  3566 | D:4      | Noticed Duvessa
  3572 | D:4      | HP: 10/40 [Duvessa/+0 short sword (2)]
  3573 | D:4      | 3573 ||| DRINKING 2 potions of heal wounds.
  3576 | D:4      | HP: 4/40 [Duvessa/+0 short sword (15)]
  3577 | D:4      | 3577 ||| DRINKING potion of heal wounds.
  3580 | D:4      | Slain by Duvessa

Levels and vault maps discovered:
D:1:      lemuel_arrival_muddy, layout_loops_corners, st_stairs_5,
          minmay_three_crescents
D:2:      layout_rooms, shapermc_ecumenical_altar_pompeii
D:3:      layout_loops_ring, fiery_altar_vehumet,
          mainiacjoe_overflow_concentric_impassable, lightli_temple_of_fire,
          serial_shops, nicolae_shop_rolled_up, uniq_crazy_yiuf_cottage
D:4:      layout_basic, serial_shops, nicolae_shop_bloodbath_and_beyond,
          uniq_duvessa

Skill      XL: |  1  2  3  4  5  6  7 |
---------------+----------------------+-----
Ranged Weapons | 6 7 8 9 10 | 10.1
Armour         | 1 |  1.6
Fighting       | 2 |  2.3
Dodging        | 3 |  3.0
Stealth        | |  1.2

Action                     |  1- 3 |  4- 6 |  7- 9 || total
---------------------------+-------+-------+-------++-------
   Fire: Shortbow          |   130 |    98 |    23 ||   251
    Use: Scroll            |     7 |     9 |     1 ||    17
         Potion            |     1 |     3 |     2 ||     6
 Armour: Leather armour    |    37 |       |       ||    37
         Ring mail         |       |    26 |    16 ||    42
  Dodge: Dodged            |    46 |    19 |     6 ||    71

Table legend:
 A = Non-vault XP
 B = Vault XP
 C = Vault XP percentage of total XP
 D = Non-vault monster count
 E = Vault monster count
 F = Vault count percentage of total count
                 A         B        C        D         E       F
            +---------+---------+-------+---------+---------+-------
      Total |     675 |      87 |  11.4 |      90 |      10 |  10.0
            +---------+---------+-------+---------+---------+-------
        D:1 |      58 |      21 |  26.6 |      35 |       9 |  20.5
        D:2 |      38 |       0 |   0.0 |      16 |       0 |   0.0
        D:3 |     219 |       0 |   0.0 |      18 |       0 |   0.0
        D:4 |     360 |      66 |  15.5 |      21 |       1 |   4.5
            +---------+---------+-------+---------+---------+-------
